 Dungeon Crawl Stone Soup version 0.31.0-32-g396128a36d (webtiles) character file.

Game seed: 1531609132699554844

3476 Patata23 the Covert (level 10, -5/60 HPs)
             Began as a Kobold Brigand on Apr 22, 2024.
             Was a Believer of Uskayaw.
             Slain by a wolf (7 damage)
             ... led by Grum
             ... on level 8 of the Dungeon on Apr 23, 2024.
             The game lasted 00:27:34 (7303 turns).

Patata23 the Covert (Kobold Brigand)                Turns: 7303, Time: 00:27:35

Health: -5/60      AC: 12    Str:  9    XL:     10   Next: 27%
Magic:  10/10      EV:  9    Int: 12    God:    Uskayaw [**....]
Gold:   314        SH:  0    Dex: 30    Spells: 9/9 levels left

rFire   + . .        I - +4 dagger
rCold   + . .        (no shield)
rNeg    . . .        r - +0 chain mail "Waffeecs" {Rampage rPois Dex+3}
rPois   +            w - +0 helmet
rElec   .            g - scarf {rC+ rF+}
rCorr   .            Q - +0 pair of gloves
SInv    .            (no boots)
Will    .....        O - amulet of magic regeneration
Stlth   +++++        l - +6 ring of dexterity
HPRegen 0.30/turn    y - +4 ring of slaying
MPRegen 0.52/turn

%: rampage
@: invisible
A: small, no large weapons, nightstalker 3
a: Renounce Religion, Stomp, Line Pass


You were on level 8 of the Dungeon.
You worshipped Uskayaw.
Uskayaw was noncommittal.
You visited 1 branch of the dungeon, and saw 8 of its levels.
You also visited: Ossuary.

You collected 314 gold pieces.

Inventory:

Hand Weapons
 a - a +2 dagger
 A - a +0 orcbow
 G - a +0 longbow
 H - a +0 orcbow
 I - a +4 dagger (weapon)
Missiles
 d - 14 poisoned darts (quivered)
 e - 3 curare-tipped darts
 m - 7 atropa-tipped darts
Armour
 b - a +0 robe
 c - a +0 cloak
 g - a scarf of resistance (worn)
 h - a +2 ring mail of fire resistance
 r - the +0 chain mail "Waffeecs" (worn) {Rampage rPois Dex+3}
   (You found it on level 3 of the Dungeon)

   Dex+3:     It affects your dexterity (+3).
   rPois:     It protects you from poison Rampage: It bestows one free step when
   moving towards enemies.
 w - a +0 helmet (worn)
 P - +0 steam dragon scales
 Q - a +0 pair of gloves (worn)
Jewellery
 l - a +6 ring of dexterity (left hand)
 q - a ring of magical power
 v - a ring of resist corrosion
 y - a +4 ring of slaying (right hand)
 C - a ring of willpower
 O - an amulet of magic regeneration (around neck)
Wands
 x - a wand of flame (20)
 J - a wand of polymorph (11)
 R - a wand of iceblast (3)
Scrolls
 j - 6 scrolls of teleportation
 k - 3 scrolls of poison
 n - 2 scrolls of enchant weapon
 B - 3 scrolls of vulnerability
 E - a scroll of fog
 L - a scroll of acquirement
Potions
 f - 9 potions of curing
 o - a potion of resistance {unknown}
 p - 2 potions of haste
 s - a potion of heal wounds {unknown}
 t - 3 potions of attraction
 u - a potion of degeneration
 z - 2 potions of magic
 D - a potion of cancellation
 F - 2 potions of mutation
 K - a potion of might
 M - a potion of enlightenment
 N - 2 potions of lignification


   Skills:
 + Level 5.7 Fighting
 + Level 9.7 Short Blades
 + Level 2.9 Throwing
 + Level 5.1 Armour
 + Level 3.8 Dodging
 + Level 12.7 Stealth


You had 9 spell levels left.
You didn't know any spells.
Your spell library contained the following spells:

 Spells                   Type           Power      Damage    Failure   Level
 Slow                     Hex            0%         N/A       100%        1
 Sting                    Conj/Alch      0%         1d3       100%        1
 Summon Small Mammal      Summ           0%         N/A       100%        1
 Mercury Vapours          Alch/Air       0%         N/A       100%        2
 Scorch                   Fire           0%         2d5       100%        2
 Call Canine Familiar     Summ           0%         N/A       100%        3
 Confusing Touch          Hex            0%         N/A       100%        3
 Mephitic Cloud           Conj/Alch/Air  0%         N/A       100%        3
 Sigil of Binding         Hex            0%         N/A       100%        3
 Vampiric Draining        Necr           0%         2d6       100%        3
 Dimensional Bullseye     Hex/Tloc       0%         N/A       100%        4
 Leda's Liquefaction      Alch/Erth      0%         N/A       100%        4
 Summon Blazeheart Golem  Fire/Summ      0%         N/A       100%        4
 Freezing Cloud           Conj/Ice/Air   0%         6-21      100%        5
 Lee's Rapid Deconstruct  Erth           0%         3d4*      100%        5
 Bombard                  Conj/Erth      0%         9d1       100%        6
 Ignition                 Fire           0%         3d3       100%        8


Dungeon Overview and Level Annotations

Branches:
Dungeon (8/15)             Temple (0/1) D:7         Ossuary (visited)
   Lair: D:8-11

Altars:
Ashenzari
Kikubaaqudgha
Ru
Uskayaw
Xom
Zin
The Shining One

Shops:
D:2 =!   D:6 !   D:7 *

Annotations:
D:8 Grum


Innate Abilities, Weirdness & Mutations

You are small and have problems with some larger weapons.
You are completely attuned to the shadows.


Message History

The wolf howls!
You hear an angry hiss.
You hit the wolf.
The wolf is moderately wounded.
The wolf closely misses you. Grum closely misses you. The wolf bites you.
Grum attacks as he pursues you!
Grum hits you from afar with a -1 glaive.
The wolf barely misses you. The wolf attacks as it pursues you!
The wolf closely misses you. The wolf bites you.
The wolf attacks as it pursues you! The wolf bites you. x2
Grum attacks as he pursues you!
Grum hits you from afar with a -1 glaive.
The wolf bites you but does no damage.
Grum hits you from afar with a -1 glaive!!
The wolf bites you.
You barely miss the wolf.
The wolf bites something!
The wolf bites you!
* * * LOW HITPOINT WARNING * * *
You puncture the wolf! You punch the wolf, but do no damage.
The wolf is heavily wounded.
The wolf bites something!
You rampage towards Grum!
You puncture Grum!
Grum is moderately wounded.
The wolf bites you!
* * * LOW HITPOINT WARNING * * *
The wolf bites you but does no damage.
You can now pass through a line of other dancers.
You hit the wolf.
The wolf is severely wounded.
The wolf bites you but does no damage. x2
You puncture the wolf!
You kill the wolf!
The wolf bites you.
* * * LOW HITPOINT WARNING * * *
Grum closely misses you. The wolf bites you.
* * * LOW HITPOINT WARNING * * *
Grum glances around and shouts, "Junior!
Here boy!"
You fade into invisibility!
The wolf bites you!
You die...

..# #......#.####........^. ..#
#...>....# ##........#.
..#########........###.........#.
.......#............#..........#.
...............................##
.................#...............
..##...###.......##.............#
..###.+####......#..##..........#
...#.....#......@..##############
..#......#.....#.hh##PPPP
...+.._..'.....###.#PPPPPP
..#......#......##g.PPPPPP.
...#.....##..#..##....PPPP..
..#.##+##.#..##........P.PPP
..##.#..###..#.....#......PP
.................####.......
............)#...# ###.....


You could see Grum (unable to see you) and 2 wolves.

Vanquished Creatures
  Pikel (D:6)
  Maggie (D:8)
  Sigmund (D:2)
  3 steam dragons
  A water moccasin (D:8)
  An orc warrior (D:7)
  An ice beast (D:7)
  A wolf (D:8)
  2 centaurs
  A lemure (D:6)
  2 bullfrogs
  5 scorpions
  3 wights (D:8)
  2 howler monkeys
  5 bombardier beetles
  4 human zombies (Ossuary)
  A jelly (D:7)
  2 orc priests
  2 hounds
  A sleepcap (D:5)
  4 iguanas
  2 scorpion zombies (Ossuary)
  5 orc wizards
  3 mummies (Ossuary)
  Robin (D:4)
  6 adders
  A shadow imp (D:7)
  4 white imps
  An adder zombie (Ossuary)
  A dart slug (D:3)
  6 ribbon worms
  21 orcs
  10 ball pythons
  2 bats (D:2)
  7 endoplasms
  4 giant cockroaches
  12 goblins
  10 hobgoblins
  7 jackals
  10 kobolds
  2 quokkas
  2 ball python zombies (Ossuary)
  8 frilled lizards
  3 gnoll zombies (Ossuary)
  A goblin skeleton (D:8)
  3 hobgoblin zombies (D:8)
  2 jackal zombies (Ossuary)
  A kobold skeleton (D:8)
  A kobold zombie (D:8)
  2 orc skeletons (D:8)
  3 orc zombies (D:8)
  4 rats
189 creatures vanquished.

Notes
Turn   | Place    | Note
-------+----------+-------------------------------------------
     0 | D:1      | Patata23 the Kobold Brigand began the quest for the Orb.
     0 | D:1      | Reached XP level 1. HP: 12/12 MP: 1/1
   101 | D:1      | Reached XP level 2. HP: 17/17 MP: 2/2
   529 | D:1      | Reached skill level 6 in Stealth
   566 | D:1      | Reached XP level 3. HP: 17/21 MP: 3/3
  1005 | D:2      | Found Hugerr's Jewellery Boutique.
  1030 | D:2      | Noticed Sigmund
  1052 | D:2      | Killed Sigmund
  1053 | D:2      | Reached skill level 7 in Stealth
  1053 | D:2      | Reached XP level 4. HP: 14/28 MP: 4/4
  1053 | D:2      | Reached XP level 5. HP: 17/32 MP: 5/5
  1053 | D:2      | Reached XP level 6. HP: 19/37 MP: 6/6
  1261 | D:2      | Found a shimmering altar of Xom.
  1319 | D:2      | Found Uwoinuqie's Distillery.
  1874 | D:3      | Reached skill level 8 in Stealth
  1878 | D:3      | Identified the +0 chain mail "Waffeecs" {Rampage rPois
                  | Dex+3}
  2179 | D:3      | Found a hide-covered altar of Uskayaw.
  2199 | D:3      | Found a glowing silver altar of Zin.
  2215 | D:3      | Became a worshipper of Uskayaw the Reveller
  2247 | D:3      | Identified the +6 sling of War {flame, rElec rF+ rC+}
  2314 | D:3      | Reached * piety under Uskayaw
  2841 | D:4      | Noticed Robin
  2870 | D:4      | Reached ** piety under Uskayaw
  2904 | D:4      | Found a broken altar of Ashenzari.
  2921 | D:4      | Killed Robin
  3016 | D:4      | Found a shimmering altar of Xom.
  3089 | D:4      | Reached *** piety under Uskayaw
  3174 | D:4      | Reached XP level 7. HP: 41/41 MP: 7/7
  3186 | D:4      | Reached skill level 5 in Short Blades
  3547 | D:5      | Entered Level 5 of the Dungeon
  3715 | D:5      | Reached skill level 1 in Armour
  3815 | D:5      | Reached skill level 9 in Stealth
  4031 | D:5      | Reached XP level 8. HP: 38/48 MP: 8/8
  4282 | D:6      | Found Punkoeku's Distillery.
  4326 | D:6      | Noticed Pikel
  4328 | D:6      | Killed Pikel
  4429 | D:6      | Reached skill level 10 in Stealth
  4813 | D:6      | Got the Catalogue of Baneful Heat
  5240 | D:7      | Reached XP level 9. HP: 52/52 MP: 9/9
  5510 | D:7      | Found a staircase to the Ecumenical Temple.
  5617 | D:7      | Found a sand-covered staircase.
  5623 | Ossuary  | Entered an ossuary
  5718 | Ossuary  | Reached skill level 11 in Stealth
  5940 | Ossuary  | Identified 2 scrolls of acquirement
  5940 | Ossuary  | Acquired a scarf of resistance
  6431 | D:7      | Reached skill level 5 in Fighting
  6713 | D:7      | Found Zioxt's Assorted Antiques.
  6840 | D:8      | Noticed Maggie
  6844 | D:8      | Killed Maggie
  6845 | D:8      | Reached skill level 12 in Stealth
  6845 | D:8      | Reached XP level 10. HP: 59/59 MP: 10/10
  6852 | D:8      | Found a glowing golden altar of the Shining One.
  7043 | D:8      | Found a sacrificial altar of Ru.
  7082 | D:8      | Reached skill level 5 in Armour
  7098 | D:8      | Found an ancient bone altar of Kikubaaqudgha.
  7118 | D:8      | Reached **** piety under Uskayaw
  7286 | D:8      | Noticed Grum
  7302 | D:8      | HP: 2/60 [wolf[Grum] (3)]
  7303 | D:8      | Slain by a wolf

Illustrated notes

Levels and vault maps discovered:
D:1:      arrival_zaba_pyramid, layout_basic, minmay_bisected
D:2:      layout_loops_ring, basic_altar, serial_shops, shop, shop, uniq_sigmund
D:3:      layout_rooms, mainiacjoe_overflow_swirl
D:4:      layout_basic, mainiacjoe_overflow_tiny_flanked,
          ashenzari_conservatory_becter, chequers_hall_statues_y, uniq_robin
D:5:      layout_rooms
D:6:      layout_gridville, serial_shops, nicolae_shop_waterfront, uniq_pikel
D:7:      layout_basic, minmay_temple_entry_offerings, serial_shops,
          kennysheep_little_box, mainiacjoe_ossuary_entry_dusty_tomb
D:8:      layout_cave_pools, nicolae_tso_besieged_by_evil,
          nicolae_wu_jian_glorious_leap, overflow_temple_1_default,
          overflow_temple_1_default, lemuel_tele_altar, david_lair_shrubbed,
          enter_bailey_8, minmay_bent, uniq_grum, uniq_maggie

Skill      XL: |  1  2  3  4  5  6  7  8  9 10 |
---------------+-------------------------------+-----
Short Blades   | 3 4 5 7 9 |  9.7
Stealth        | 6 7 8 9 10 12 | 12.7
Fighting       | 3 4 5 |  5.7
Dodging        | 2 3 |  3.8
Armour         | 1 3 4 5 |  5.1
Throwing       | |  2.9

Action                     |  1- 3 |  4- 6 |  7- 9 | 10-12 || total
---------------------------+-------+-------+-------+-------++-------
  Melee: Dagger            |    64 |   201 |   255 |    70 ||   590
         Punch             |       |     4 |     7 |     1 ||    12
  Throw: Dart              |     9 |       |       |       ||     9
 Invoke: Stomp             |       |     1 |     1 |       ||     2
         Line Pass         |       |       |     1 |       ||     1
    Use: Scroll            |       |       |    20 |       ||    20
         Potion            |       |       |       |     1 ||     1
   Stab: Sleeping          |     9 |    28 |    20 |     5 ||    62
         Distracted        |       |     2 |     1 |       ||     3
         Paralysed         |       |     1 |     4 |     4 ||     9
         Confused          |       |       |     1 |       ||     1
 Armour: Robe              |    28 |    18 |       |       ||    46
         Chain mail        |       |   110 |   115 |    50 ||   275
  Dodge: Dodged            |    36 |    90 |    51 |    20 ||   197
